 Dungeon Crawl Stone Soup version 0.31-a0-836-g3ceb0a68c4 (webtiles) character file.

Game seed: 13185821512463947576

194 mcwallace the Sneak (level 5, -6/24 HPs)
             Began as a Spriggan Enchanter on Sept 27, 2023.
             Splashed by a jelly's acid (9 damage)
             ... in a sewer.
             The game lasted 00:07:43 (2438 turns).

mcwallace the Sneak (Spriggan Enchanter)            Turns: 2438, Time: 00:07:43

Health: -6/24      AC: -6    Str:  4    XL:     5   Next: 44%
Magic:  4/11       EV: 24    Int: 16    God:
Gold:   90         SH:  0    Dex: 18    Spells: 9/11 levels left

rFire   . . .        a - +1 dagger {short}
rCold   . . .        (no shield)
rNeg    . . .        b - +0 robe
rPois   .            (helmet restricted)
rElec   .            (no cloak)
rCorr   .            (gloves unavailable)
SInv    +            (boots unavailable)
Will    .....        (no amulet)
Stlth   +++          g - +5 ring of evasion
HPRegen 0.24/turn    (no ring)
MPRegen 0.12/turn

%: no passive effects
@: corroded, very slightly contaminated, very quick
A: very small, no large weapons, unfitting armour, see invisible, speed 3
a: no special abilities


You were in a sewer.
You visited 1 branch of the dungeon, and saw 3 of its levels.
You also visited: Sewer.

You collected 90 gold pieces.


Innate Abilities, Weirdness & Mutations

You are very small and have problems with some larger weapons.
You are too small for most types of armour.
You have supernaturally acute eyesight. (SInv)
You cover ground extremely quickly. (Speed+++)


   Skills:
 + Level 2.6 Short Blades
 + Level 4.2 Dodging
 + Level 5.8 Stealth
 + Level 3.9 Spellcasting
 + Level 4.6 Hexes


You had 9 spell levels left.
You knew the following spells:

 Your Spells              Type           Power      Damage    Failure   Level
a - Ensorcelled Hibernat  Hex/Ice        20%        N/A       10%         2

Your spell library contained the following spells:

 Spells                   Type           Power      Damage    Failure   Level
 Confusing Touch          Hex            17%        N/A       8%          3
 Tukima's Dance           Hex            17%        N/A       8%          3
 Dazzling Flash           Conj/Hex       20%        N/A       21%         3

Inventory:

Hand Weapons
 a - a +1 dagger (weapon) {short}
Missiles
 h - 29 stones {throwing}
 p - 2 boomerangs {throwing}
Armour
 b - a +0 robe (worn)
Magical Staves
 o - a staff of poison {!astaff}
   (You found it on level 2 of the Dungeon)
Jewellery
 g - a +5 ring of evasion (left hand)
   (You found it on level 1 of the Dungeon)
 l - a ring of fire
   (You found it on level 1 of the Dungeon)
Scrolls
 d - 2 scrolls of identify {unknown}
 e - a scroll of revelation {unknown}
 f - a scroll of enchant armour {unknown}
 j - a scroll of amnesia {unknown}
 k - a scroll of teleportation {unknown}
Potions
 c - 2 potions of invisibility
 i - 2 potions of attraction {unknown}
 m - a potion of heal wounds {unknown}
 n - a potion of mutation {unknown}

Dungeon Overview and Level Annotations

Branches:
Dungeon (3/15) Zot: 16591   Sewer (1/1) Zot: 5612

Altars:

#.J# #..# #.~# #..#
#..# #~~# #.~##
#..# #.~# #...#
#.÷# #..# ##~.##
#..# #~.#
#.~.####~~# #~.#
#..~÷.~.~.####.~###
##.~÷..~..##≈≈J~≈≈#
###########≈.@~~≈#
#≈∩~~∩≈# #≈...~≈#
#≈≈≈≈≈≈# ########


You could see a jelly.


Message History

Aim: a jelly (chance to affect: 52%)
Okay, then.
You enter the shallow water.
Moving in this stuff is going to be slow. 😨 HP[+1] 😨 MP[+1]
You enter the shallow water.
Moving in this stuff is going to be slow.
You see here an adder skeleton. 😮 HP[+1]
You enter the shallow water.
Moving in this stuff is going to be slow.
You enter the shallow water.
Moving in this stuff is going to be slow. 😮 HP[+1] 😮 MP[+1]
Your mp is fully restored (11). 😮 HP[+1]
You enter the shallow water.
Moving in this stuff is going to be slow. 😮 HP[+1] 😮 HP[+1]
You start resting.
A jelly is nearby! 😕 HP[+4]
You regained 4 hp, and now have 21/24 hp.
A jelly is nearby!
A jelly is nearby!
You enter the shallow water.
Moving in this stuff is going to be slow.
Why would you want to do that? Why would you want to do that?
You enter the shallow water.
Moving in this stuff is going to be slow. 😕 HP[+1]
You enter the shallow water.
Moving in this stuff is going to be slow. 😕 HP[+1]
Casting: Ensorcelled Hibernation (safe; 10% risk of failure)
Confirm with . or Enter, or press ? or * to list all spells.
Aiming: Ensorcelled Hibernation (safe; 10% risk of failure)
Press: ? - help, Shift-Dir - straight line, f/p - jelly
Aim: a jelly (wandering, hasn't noticed you, chance to affect: 52%)
The jelly quivers.
The jelly resists with significant effort. 😕 MP[-2]
You lost 2 mp, and now have 9/11 mp.
Casting: Ensorcelled Hibernation (safe; 10% risk of failure)
Confirm with . or Enter, or press ? or * to list all spells.
Aiming: Ensorcelled Hibernation (safe; 10% risk of failure)
Press: ? - help, Shift-Dir - straight line, f/p - jelly
Aim: a jelly (chance to affect: 52%)
The jelly resists with significant effort. 😎 HP[+1] MP[-2]
Your hp is fully restored (24).
You lost 2 mp, and now have 7/11 mp.
Casting: Ensorcelled Hibernation (safe; 10% risk of failure)
Confirm with . or Enter, or press ? or * to list all spells.
Aiming: Ensorcelled Hibernation (safe; 10% risk of failure)
Press: ? - help, Shift-Dir - straight line, f/p - jelly
Aim: a jelly (chance to affect: 52%)
You miscast Ensorcelled Hibernation.
You are very lightly contaminated with residual magic.
Nothing appears to happen. 😎 MP[-2]
You lost 2 mp, and now have 5/11 mp.
Casting: Ensorcelled Hibernation (safe; 10% risk of failure)
Confirm with . or Enter, or press ? or * to list all spells.
Aiming: Ensorcelled Hibernation (safe; 10% risk of failure)
Press: ? - help, Shift-Dir - straight line, f/p - jelly
Aim: a jelly (chance to affect: 52%)
The jelly looks drowsy... 😎 MP[-2]
You lost 2 mp, and now have 3/11 mp.
You enter the shallow water.
Moving in this stuff is going to be slow.
The jelly quivers.
You hit the jelly. The acid corrodes you!
Your hands burn!
The jelly hits you.
You are splashed with acid!
* * * LOW HITPOINT WARNING * * *
😨 HP[-13]
You take 13 damage, and now have 11/24 hp.
MASSIVE DAMAGE!! (PAUSE)
Casting: Ensorcelled Hibernation (safe; 10% risk of failure)
Confirm with . or Enter, or press ? or * to list all spells.
Aiming: Ensorcelled Hibernation (safe; 10% risk of failure)
Press: ? - help, Shift-Dir - straight line, f - you, p - jelly That would be overly suicidal.
Okay, then.
Unknown command.
You hit the jelly but do no damage.
Your hands burn!
* * * LOW HITPOINT WARNING * * *
The jelly misses you. 😨 HP[-2]
You take 2 damage, and now have 9/24 hp.
You hit the jelly but do no damage. The acid corrodes you!
Your hands burn!
* * * LOW HITPOINT WARNING * * *
The jelly hits you.
* * * LOW HITPOINT WARNING * * *
The acid corrodes you!
You are splashed with acid!
You die...

Skill      XL: |  1  2  3  4  5 |
---------------+----------------+-----
Dodging        | 3 4 |  4.2
Spellcasting   | 3 |  3.9
Hexes          | 4 |  4.6
Stealth        | 5 |  5.8
Short Blades   | 2 |  2.6

Action                     |  1- 3 |  4- 6 || total
---------------------------+-------+-------++-------
  Melee: Dagger            |   154 |    89 ||   243
         Punch             |     1 |     1 ||     2
   Cast: Ensorcelled Hiber |     6 |    26 ||    32
   Stab: Sleeping          |    13 |    13 ||    26
 Armour: Robe              |    32 |    21 ||    53
  Dodge: Dodged            |   121 |    99 ||   220

Levels and vault maps discovered:
D:1:      roderic_dead_forest, layout_loops_cross
D:2:      layout_rooms, nicolae_kite_square_tiling_tiny, uniq_natasha
D:3:      layout_loops_cross, nicolae_overflow_squiral,
          cheibrodos_sewer_entry_bend
Sewer:    sewer_hellmonk_slimy_pipes

Notes
Turn   | Place    | Note
-------+----------+-------------------------------------------
     0 | D:1      | mcwallace the Spriggan Enchanter began the quest for the
                  | Orb.
     0 | D:1      | Reached XP level 1. HP: 9/9 MP: 5/5
     0 | D:1      | magus.rc [v1.9.6]
   200 | D:1      | Reached skill level 3 in Dodging
   200 | D:1      | Reached XP level 2. HP: 13/13 MP: 6/6
   212 | D:1      | Reached skill level 3 in Spellcasting
   247 | D:1      | HP: 3/13 [constriction (1)]
   247 | D:1      | HP: 1/13 [ball python (2)]
   412 | D:1      | Learned a level 2 spell: Ensorcelled Hibernation
   732 | D:1      | Reached XP level 3. HP: 9/16 MP: 8/8
   802 | D:1      | Reached skill level 4 in Hexes
  1141 | D:2      | Reached skill level 5 in Stealth
  1334 | D:2      | Reached skill level 2 in Short Blades
  1397 | D:2      | Noticed Natasha
  1411 | D:2      | HP: 4/16 [cerulean imp/+1 spear[Natasha] (5)]
  1572 | D:2      | Killed Natasha
  1573 | D:2      | Reached XP level 4. HP: 21/21 MP: 5/10
  1652 | D:2      | Noticed Natasha
  1668 | D:2      | Killed Natasha
  1743 | D:2      | Noticed Natasha
  1873 | D:2      | Killed Natasha
  1977 | D:3      | Found a glowing drain.
  1991 | Sewer    | Entered a sewer
  2005 | Sewer    | Reached XP level 5. HP: 24/24 MP: 11/11
  2042 | Sewer    | Reached skill level 4 in Dodging
  2320 | Sewer    | Found a viscous altar of Jiyva.
  2337 | Sewer    | HP: 5/24 [acid (8)]
  2438 | Sewer    | HP: 6/24 [acid (3)]
  2438 | Sewer    | Splashed by a jelly's acid

Vanquished Creatures
  Natasha (thrice) (D:2)
  3 adders
  A gnoll (D:1)
  2 river rats (Sewer)
  2 worms
  8 endoplasms
  7 giant cockroaches
  4 hobgoblins (D:1)
  4 jackals
  4 kobolds (D:1)
  2 quokkas (D:1)
  9 ball pythons
  2 bats
  4 frilled lizards
  A goblin (D:1)
  6 rats
62 creatures vanquished.

Table legend:
 A = Non-vault XP
 B = Vault XP
 C = Vault XP percentage of total XP
 D = Non-vault monster count
 E = Vault monster count
 F = Vault count percentage of total count
                 A         B        C        D         E       F
            +---------+---------+-------+---------+---------+-------
      Total |     155 |     123 |  44.2 |      37 |      25 |  40.3
            +---------+---------+-------+---------+---------+-------
        D:1 |      47 |       0 |   0.0 |      22 |       0 |   0.0
        D:2 |     103 |      35 |  25.4 |      12 |       1 |   7.7
        D:3 |       5 |       5 |  50.0 |       3 |       1 |  25.0
      Sewer |       0 |      83 | 100.0 |       0 |      23 | 100.0
            +---------+---------+-------+---------+---------+-------

Skill      XL: |  1  2  3  4  5 |
---------------+----------------+-----
Dodging        | 3 4 |  4.2
Spellcasting   | 3 |  3.9
Hexes          | 4 |  4.6
Stealth        | 5 |  5.8
Short Blades   | 2 |  2.6

Action                     |  1- 3 |  4- 6 || total
---------------------------+-------+-------++-------
  Melee: Dagger            |   154 |    89 ||   243
         Punch             |     1 |     1 ||     2
   Cast: Ensorcelled Hiber |     6 |    26 ||    32
   Stab: Sleeping          |    13 |    13 ||    26
 Armour: Robe              |    32 |    21 ||    53
  Dodge: Dodged            |   121 |    99 ||   220

Illustrated notes

Table legend:
 A = Kills in this place as a percentage of kills in the entire game.
 B = Kills by you in this place as a percentage of kills by you in the entire game.
 C = Kills by friends in this place as a percentage of kills by friends in the entire game.
 D = Other kills in this place as a percentage of other kills in the entire game.
 E = Experience gained in this place as a percentage of experience gained in the entire game.
 F = Experience gained in this place divided by the number of levels of this place that you have seen.
                   A       B       C       D       E      F
               +-------+-------+-------+-------+-------+----------------------
         Total | 100.0 | 100.0 |   N/A |   N/A | 100.0 |  69.5
       Dungeon |  62.9 |  62.9 |   N/A |   N/A |  70.1 |  65.0
         Sewer |  37.1 |  37.1 |   N/A |   N/A |  29.9 |  83.0
               +-------+-------+-------+-------+-------+----------------------

Table legend: (Time is in decaauts)
 A = Elapsed time spent in this place.
 B = Non-inter-level travel time spent in this place.
 C = Inter-level travel time spent in this place.
 D = Time resting spent in this place.
 E = Time spent auto-exploring this place.
 F = Levels seen in this place.
 G = Mean time per level.
                   A        B        C        D        E       F      G
               +--------+--------+--------+--------+--------+-----+--------+
         Total |   1795 |   1704 |     91 |     51 |    987 |   4 |  448.8 |
       Dungeon |   1408 |   1317 |     91 |     35 |    839 |   3 |  469.3 |
         Sewer |    386 |    386 |      0 |     16 |    147 |   1 |  386.0 |
               +--------+--------+--------+--------+--------+-----+--------+

Top non-repeatable levels by time:
     D:1: 787 daAuts
     D:2: 583 daAuts
   Sewer: 386 daAuts
     D:3: 37 daAuts
